 Dungeon Crawl Stone Soup version 0.32-a0-560-g4c7f4391e0 (webtiles) character file.

Game seed: 11048639010675089090

131 mmathis169 the Magician (level 5, -26/37 HPs)
             Began as a Gnoll Wanderer on Feb 29, 2024.
             Killed by an exploding ball python (39 damage)
             ... ignited by their inner flame
             ... on level 3 of the Dungeon.
             The game lasted 00:29:35 (2100 turns).

mmathis169 the Magician (Gnoll Wanderer)            Turns: 2100, Time: 00:29:35

Health: -26/37     AC:  7    Str:  7    XL:     5   Next: 14%
Magic:  12/14      EV: 16    Int: 18    God:
Gold:   197        SH:  0    Dex: 11    Spells: 17/18 levels left

rFire   . . .        z - +1 short sword (drain)
rCold   . . .        (no shield)
rNeg    . . .        t - +2 leather armour {Will+}
rPois   .            n - +1 helmet
rElec   .            (no cloak)
rCorr   .            (no gloves)
SInv    .            (no boots)
Will    +....        (no amulet)
Stlth   +            u - +5 ring of evasion
HPRegen 0.26/turn    l - ring of flight
MPRegen 0.14/turn

%: no passive effects
@: flying
A: fangs 1, strong nose, distributed training
a: no special abilities


You were on level 3 of the Dungeon.
You visited 1 branch of the dungeon, and saw 3 of its levels.

You collected 197 gold pieces.

Inventory:

Hand Weapons
 z - a +1 short sword of draining (weapon)
Missiles
 b - 19 poisoned darts (quivered)
 f - 2 throwing nets
 g - 3 javelins
 h - 18 stones
Armour
 n - a +1 helmet (worn)
 t - a +2 leather armour of willpower (worn)
 x - an orb of wrath
Jewellery
 l - a ring of flight (right hand)
 u - a +5 ring of evasion (left hand)
 y - a ring of positive energy
Talismans
 k - a talisman of death
Scrolls
 i - 5 scrolls of identify {unknown}
Potions
 c - a potion of curing
 j - a potion of invisibility {unknown}
 m - a potion of magic {unknown}
 o - a potion of might {unknown}
 p - a potion of heal wounds {unknown}
 q - a potion of resistance {unknown}
 r - a potion of lignification {unknown}
 s - a potion of degeneration {unknown}


   Skills:
 + Level 1.4 Fighting
 + Level 1.4 Short Blades
 + Level 1.4 Long Blades
 + Level 1.4 Axes
 + Level 1.4 Maces & Flails
 + Level 1.4 Polearms
 + Level 1.4 Staves
 + Level 1.4 Ranged Weapons
 + Level 4.7 Throwing
 + Level 2.9 Armour
 + Level 2.9 Dodging
 + Level 1.4 Stealth
 + Level 1.4 Shields
 + Level 1.4 Unarmed Combat
 + Level 7.3 Spellcasting
 + Level 1.1 Conjurations
 + Level 1.1 Hexes
 + Level 1.1 Summonings
 + Level 1.1 Necromancy
 + Level 1.1 Translocations
 + Level 5.5 Fire Magic
 + Level 1.1 Ice Magic
 + Level 1.1 Air Magic
 + Level 1.1 Earth Magic
 + Level 1.1 Alchemy
 + Level 1.6 Invocations
 + Level 1.4 Evocations
 + Level 1.3 Shapeshifting


You had 17 spell levels left.
You knew the following spells:

 Your Spells              Type           Power      Damage    Failure   Level
a - Foxfire               Conj/Fire      72%        2x1d7     3%          1

Your spell library contained the following spells:

 Spells                   Type           Power      Damage    Failure   Level
 Freeze                   Ice            40%        1d6       10%         1
 Ensorcelled Hibernation  Hex/Ice        20%        N/A       14%         2
 Jinxbite                 Hex            20%        N/A       14%         2
 Frozen Ramparts          Ice            20%        1d4       28%         3
 Hailstorm                Conj/Ice       10%        3d6       28%         3
 Flame Wave               Conj/Fire      18%        2d7       36%         4
 Summon Blazeheart Golem  Fire/Summ      18%        N/A       36%         4
 Iskenderun's Battlesphe  Conj           10%        2d6       95%         5
 Bombard                  Conj/Erth      5%         9d2       100%        6
 Spellforged Servitor     Conj/Summ      5%         N/A       100%        7


Dungeon Overview and Level Annotations

Branches:
Dungeon (3/15)

Altars:

Annotations:
D:3 Grinder


Innate Abilities, Weirdness & Mutations

You have very sharp teeth.
Your uncanny sense of smell can sniff out nearby items.
Your experience applies equally to all skills.


Message History

Your memorisation is interrupted.
The ball python constricts you.
Casting: Foxfire (safe; 3% risk of failure)
Confirm with . or Enter, or press ? or * to list all spells.
Okay, then.
Casting: Foxfire (safe; 3% risk of failure)
Confirm with . or Enter, or press ? or * to list all spells.
Okay, then.
You closely miss the ball python.
The ball python bites you but does no damage.
The ball python constricts you. Grinder hits you but does no damage.
You closely miss the ball python. The ball python bites you.
The ball python constricts you. Grinder hits you.
You writhe in agony.
You closely miss the ball python.
The ball python bites you but does no damage.
The ball python constricts you. Grinder hits you.
You writhe in agony.
As you read the scroll labelled ADUUQEO AXAIXT, it crumbles to dust.
You feel aware of your surroundings.
You sensed 3 altars.
It was a scroll of revelation.
The ball python bites you but does no damage.
The ball python constricts you. Grinder gestures at you.
You resist with some effort.
As you read the scroll labelled FAGYISH VAJAY, it crumbles to dust.
The creatures around you are filled with an inner flame!
It was a scroll of immolation.
The ball python bites you but does no damage.
The ball python constricts you. The ball python bites you.
The ball python constricts you. Grinder hits you.
You writhe in agony.
* * * LOW HITPOINT WARNING * * *
Okay, then.
You feel better.
The ball python bites you but does no damage.
The ball python constricts you. Grinder gestures at you.
You resist with almost no effort.
You hit the ball python.
The ball python explodes!
The fiery explosion engulfs you!!!
Ouch! That really hurt!
You die...

.# #.# .# #.############# .#
#####o##################
.#####......o...............#
.#.....###.################.#####
.#.##### #.############# #......
....# #.############# ####.##
..#.### #.############### #.#
..#...####.##.ยงยง@5.......# #.#
#####......##.##########.# #.#
..#...#######.##########.# #.#
#.#.### ####.##########.# #.#
#...# ####.##########.# #.# ##.##
####.##########.# #.# ##)#
####.##########.# #.# ...#
####.##########.#####.## #### #.#
#......<..


You could see Grinder (inner flame).

Vanquished Creatures
  6 adders
  2 ribbon worms
  3 orcs (D:3)
  3 ball pythons
  6 endoplasms
  13 giant cockroaches
  5 goblins
  7 hobgoblins
  3 jackals (D:1)
  A quokka (D:1)
  5 bats
  4 frilled lizards
  3 kobolds
  3 rats
64 creatures vanquished.

Vanquished Creatures (others)
  160 foxfires
160 creatures vanquished.

Grand Total: 224 creatures vanquished

Notes
Turn   | Place    | Note
-------+----------+-------------------------------------------
     0 | D:1      | mmathis169 the Gnoll Wanderer began the quest for the Orb.
     0 | D:1      | mmathis169 set off with the following items: a +0 dagger,
                  | 14 poisoned darts, a potion of curing, a +0 robe; and the
                  | following spell memorised: Foxfire; and the following
                  | spells available to memorise: Ensorcelled Hibernation,
                  | Jinxbite, Flame Wave, Summon Blazeheart Golem.
     0 | D:1      | Reached XP level 1. HP: 13/13 MP: 8/8
   179 | D:1      | Reached XP level 2. HP: 19/19 MP: 7/10
   616 | D:1      | Found a faded altar of an unknown god.
   743 | D:2      | Reached XP level 3. HP: 25/25 MP: 6/11
   797 | D:2      | Reached skill level 1 in Invocations
   859 | D:2      | Reached skill level 1 in Fighting
   859 | D:2      | Reached skill level 1 in Short Blades
   859 | D:2      | Reached skill level 1 in Long Blades
   859 | D:2      | Reached skill level 1 in Axes
   859 | D:2      | Reached skill level 1 in Maces & Flails
   859 | D:2      | Reached skill level 1 in Polearms
   859 | D:2      | Reached skill level 1 in Staves
   859 | D:2      | Reached skill level 1 in Ranged Weapons
   859 | D:2      | Reached skill level 1 in Stealth
   859 | D:2      | Reached skill level 1 in Shields
   859 | D:2      | Reached skill level 1 in Unarmed Combat
   859 | D:2      | Reached skill level 1 in Evocations
   987 | D:2      | Reached skill level 1 in Shapeshifting
   987 | D:2      | Reached XP level 4. HP: 32/32 MP: 9/13
  1227 | D:2      | Reached skill level 1 in Conjurations
  1227 | D:2      | Reached skill level 1 in Hexes
  1227 | D:2      | Reached skill level 1 in Summonings
  1227 | D:2      | Reached skill level 1 in Necromancy
  1227 | D:2      | Reached skill level 1 in Translocations
  1227 | D:2      | Reached skill level 1 in Ice Magic
  1227 | D:2      | Reached skill level 1 in Air Magic
  1227 | D:2      | Reached skill level 1 in Earth Magic
  1227 | D:2      | Reached skill level 1 in Alchemy
  1821 | D:3      | Reached XP level 5. HP: 37/37 MP: 12/14
  2068 | D:3      | Noticed Grinder
  2100 | D:3      | Killed by an exploding ball python... ignited by their
                  | inner flame

Illustrated notes

Levels and vault maps discovered:
D:1:      dpeg_arrival_orchard, layout_basic, basic_ecumenical_altar,
          nrook_campfire
D:2:      minmay_roachtagon, layout_basic, minmay_tall_x
D:3:      layout_loops_ring, dk_yredelemnul_ordeal, mainiacjoe_overflow_swirl,
          uniq_grinder, uniq_terence

Skill      XL: |  1  2  3  4 |
---------------+-------------+-----
Invocations    | 1 |  1.6
Fighting       | 1 |  1.4
Short Blades   | 1 |  1.4
Long Blades    | 1 |  1.4
Axes           | 1 |  1.4
Maces & Flails | 1 |  1.4
Polearms       | 1 |  1.4
Staves         | 1 |  1.4
Ranged Weapons | 1 |  1.4
Stealth        | 1 |  1.4
Shields        | 1 |  1.4
Unarmed Combat | 1 |  1.4
Evocations     | 1 |  1.4
Shapeshifting  | 1 |  1.3
Conjurations   | 1 |  1.1
Hexes          | 1 |  1.1
Summonings     | 1 |  1.1
Necromancy     | 1 |  1.1
Translocations | 1 |  1.1
Ice Magic      | 1 |  1.1
Air Magic      | 1 |  1.1
Earth Magic    | 1 |  1.1
Alchemy        | 1 |  1.1
Throwing       | |  4.7
Armour         | |  2.9
Dodging        | |  2.9
Spellcasting   | |  7.3
Fire Magic     | |  5.5

Action                     |  1- 3 |  4- 6 || total
---------------------------+-------+-------++-------
  Melee: Dagger            |    20 |    17 ||    37
         Bite              |     2 |       ||     2
         Short sword       |       |    16 ||    16
   Cast: Foxfire           |    42 |    57 ||    99
    Use: Scroll            |       |     2 ||     2
         Potion            |       |     1 ||     1
 Armour: Robe              |    19 |       ||    19
         Leather armour    |       |    42 ||    42
  Dodge: Dodged            |    20 |    41 ||    61

Table legend: (Time is in decaauts)
 A = Elapsed time spent in this place.
 B = Non-inter-level travel time spent in this place.
 C = Inter-level travel time spent in this place.
 D = Time resting spent in this place.
 E = Time spent auto-exploring this place.
 F = Levels seen in this place.
 G = Mean time per level.
                   A        B        C        D        E       F      G
               +--------+--------+--------+--------+--------+-----+--------+
         Total |   2095 |   2078 |     17 |      0 |   1383 |   3 |  698.3 |
       Dungeon |   2095 |   2078 |     17 |      0 |   1383 |   3 |  698.3 |
               +--------+--------+--------+--------+--------+-----+--------+

Top non-repeatable levels by time:
     D:2: 880 daAuts
     D:1: 714 daAuts
     D:3: 501 daAuts
